 Dungeon Crawl Stone Soup version 0.28-a0-861-ge64d6db94f (webtiles) character file.

Game seed: 3033446813982131829

2489 Zenkrye the Black Crusader (level 9, 0/89 HPs)
             Began as an Ogre Transmuter on Nov 15, 2021.
             Was a Priest of Yredelemnul.
             Slain by an orc warrior (6 damage)
             ... on level 6 of the Dungeon.
             The game lasted 00:21:28 (8927 turns).

Zenkrye the Black Crusader (Ogre Transmuter)        Turns: 8927, Time: 00:21:28

Health: 0/89       AC:  2    Str: 16    XL:     9   Next: 52%
Magic:  11/13      EV: 20    Int: 17    God:    Yredelemnul [***...]
Gold:   226        SH:  0    Dex: 14    Spells: 4/14 levels left

rFire   . . .      SeeInvis +     - Unarmed
rCold   . . .      Faith    .   (shield currently unavailable)
rNeg    . . .      Spirit   .   (armour currently unavailable)
rPois   x          Reflect  .   (helmet currently unavailable)
rElec   .          Harm     .   (cloak currently unavailable)
rCorr   .          Rampage  .   (gloves unavailable)
Will    .....                   (boots unavailable)
Stlth   +.........              (no amulet)
HPRegen 0.24/turn               x - ring of flight
MPRegen 0.13/turn               A - ring of see invisible

@: spider-form (expiring), flying
A: venomous fangs, tiny, unfitting armour, (tough skin 1)
a: End Transformation, Renounce Religion, Recall Undead Slaves, Injury Mirror,
Animate Dead


You were on level 6 of the Dungeon.
You worshipped Yredelemnul.
Yredelemnul was most pleased with you.
You were a venomous arachnid creature.
You visited 1 branch of the dungeon, and saw 7 of its levels.

You collected 226 gold pieces.

Inventory:

Missiles
 f - 5 large rocks {RUK}
 h - 57 poisoned darts (quivered)
 p - 8 javelins
 y - 3 boomerangs
Armour
 a - a +1 robe (melded)
 u - a +0 cloak (melded)
Jewellery
 x - a ring of flight (left front leg)
 A - a ring of see invisible (right front leg)
Wands
 b - a wand of flame (8)
 t - a wand of polymorph (7)
Scrolls
 v - a scroll of enchant armour
 w - a scroll of enchant weapon
 z - a scroll of teleportation {@r3}
Potions
 c - 3 potions of curing {@q1}
 e - a potion of ambrosia
 g - a potion of might {@q4}
 j - a potion of magic
 k - 2 potions of attraction
 m - a potion of brilliance {unknown}
 n - 2 potions of cancellation {unknown}
 o - a potion of haste {unknown}
 q - a potion of mutation {unknown}
 r - 2 potions of heal wounds {unknown}
 s - a potion of resistance {unknown}


   Skills:
 + Level 5.8 Fighting
 + Level 3.8 Dodging
 * Level 6.0 Unarmed Combat
 - Level 3.0 Spellcasting
 + Level 5.2 Transmutations
 + Level 3.1 Ice Magic
 - Level 2.0 Poison Magic
 + Level 6.4 Invocations


You had 4 spell levels left.
You knew the following spells:

 Your Spells              Type           Power      Damage    Failure   Level
a - Beastly Appendage     Tmut           40%        N/A       8%          1
b - Spider Form           Tmut/Pois      14%        N/A       28%         3
c - Ice Form              Ice/Tmut       16%        N/A       52%         4
d - Wereblood             Tmut           20%        N/A       11%         2

Your spell library contained the following spells:

 Spells                   Type           Power      Damage    Failure   Level


Dungeon Overview and Level Annotations

Branches:
Dungeon (7/15)             Temple (0/1) D:6

Altars:
Hepliaklqana
Yredelemnul
The Shining One

Annotations:
D:3 3 runed translucent doors, Strat's ghost, amateur PaWn


Innate Abilities, Weirdness & Mutations

You are a venomous arachnid creature.
You have poisonous fangs.
You are tiny and dextrous.
Your spellcasting is less reliable in this form.
Your armour is entirely melded.
You are incapable of wielding weapons or throwing items.
You are too large for most types of armour.
((You have tough skin. (AC +1)))


Message History

The orc warrior completely misses you.
You fly upwards.
There is a stone staircase leading down here.
You are too injured to fight recklessly!
You are too injured to fight recklessly!
You hit the orc warrior.
The orc warrior looks even sicker.
The orc warrior is moderately wounded.
The vampire mosquito completely misses you.
The vampire mosquito barely misses you. The orc warrior closely misses you.
You hit the orc warrior.
The orc warrior looks as sick as possible!
The orc warrior is heavily wounded.
The vampire mosquito bites you!
The vampire mosquito draws strength from your injuries!
The orc warrior barely misses you.
The vampire mosquito completely misses you.
You barely miss the orc warrior.
The orc warrior is severely wounded.
Your transformation is almost over.
The vampire mosquito bites you.
The vampire mosquito draws strength from your injuries!
The orc warrior misses you. The vampire mosquito barely misses you.
You hit the orc warrior.
The orc warrior looks as sick as possible!
The orc warrior is severely wounded.
The vampire mosquito bites you!
* * * LOW HITPOINT WARNING * * *
The vampire mosquito draws strength from your injuries!
The orc warrior hits you with a +0 scimitar!
* * * LOW HITPOINT WARNING * * *
You hit the orc warrior but do no damage.
The orc warrior looks as sick as possible!
The orc warrior is almost dead.
The vampire mosquito bites you.
* * * LOW HITPOINT WARNING * * *
The vampire mosquito draws strength from your injuries!
The vampire mosquito misses you.
The orc warrior hits you with a +0 scimitar.
You die...
Your body rises from the dead as a mindless zombie.

#...........####.####........
#...........# ##.# #####....
##...........# ##..### #####
#............# #..#..## #
#............###..##..## #
##...........##..####..### #
##..........#..## ###..## ##
##..........y## ##..## .#
###.......s## ##..### .###
###....o## ##...# ...###
###..## ###.. .....## ##.##
##. ......## ##..# ##
.......####..## #
.......<##..## ...........##
# ............## #


You could see an orc warrior (extremely poisoned) and a vampire mosquito.

Vanquished Creatures
  Grinder (D:3)
  A wyvern (D:5)
  A black bear (D:5)
  An ice beast (D:6)
  A sky beast (D:5)
  2 necrophages
  3 ogres (D:5)
  A phantom (D:5)
  A centaur (D:5)
  2 kobold brigands
  2 scorpions
  A killer bee (D:5)
  A howler monkey (D:4)
  A bullfrog zombie (D:5)
  2 bullfrog skeletons (D:6)
  5 hounds
  An orc priest (D:3)
  A jelly (D:5)
  Jessica (D:3)
  3 iguanas
  Terence (D:3)
  2 orc wizards
  Natasha (thrice) (D:3)
  A hound skeleton (D:5)
  2 adders
  A gnoll (D:3)
  A shadow imp (D:5)
  2 ufetubi (D:5)
  A worm (D:5)
  A dart slug (D:4)
  11 orcs
  3 bats
  5 endoplasms
  2 giant cockroaches
  4 goblins
  5 hobgoblins
  5 jackals (D:1)
  13 kobolds
  3 quokkas
  7 ball pythons
  3 frilled lizards (D:1)
  A rat (D:2)
109 creatures vanquished.

Vanquished Creatures (collateral kills)
  An ice beast (D:5)
  An ogre (D:5)
  A jelly (D:5)
  A centaur skeleton (D:5)
  A worm (D:4)
  A ball python (D:4)
  A bat (D:3)
  An endoplasm (D:1)
  A frilled lizard (D:3)
  A kobold (D:4)
10 creatures vanquished.

Vanquished Creatures (others)
  A scorpion zombie (D:5)
  An ogre zombie (D:5)
  A ball python zombie (D:3)
  A felid zombie (D:3)
  2 hound zombies
  A human zombie (D:3)
  An iguana zombie (D:5)
  A kobold zombie (D:4)
  2 orc zombies
  A sky beast zombie (D:5)
  A fungus (D:3)
  3 plants (D:3)
16 creatures vanquished.

Grand Total: 135 creatures vanquished

Notes
Turn   | Place    | Note
-------+----------+-------------------------------------------
     0 | D:1      | Zenkrye the Ogre Transmuter began the quest for the Orb.
     0 | D:1      | Reached XP level 1. HP: 19/19 MP: 3/3
   303 | D:1      | Reached XP level 2. HP: 23/28 MP: 1/5
   635 | D:1      | Reached XP level 3. HP: 27/36 MP: 4/6
   639 | D:1      | Learned a level 3 spell: Spider Form
  1061 | D:1      | Found a faded altar of an unknown god.
  1069 | D:1      | Prayed at the altar of an unknown god.
  1069 | D:1      | Became a worshipper of Yredelemnul the Dark
  1069 | D:1      | Reached * piety under Yredelemnul
  2445 | D:3      | Found a runed translucent gate.
  2445 | D:3      | Found a runed translucent gate.
  2445 | D:3      | Found a runed translucent gate.
  2446 | D:3      | Noticed a kobold brigand
  2446 | D:3      | Noticed Strat's ghost (amateur PaWn)
  2486 | D:3      | Noticed Natasha
  2495 | D:3      | Killed Natasha
  2496 | D:3      | Reached skill level 1 in Poison Magic
  2496 | D:3      | Reached skill level 1 in Invocations
  2496 | D:3      | Reached XP level 4. HP: 34/44 MP: 2/8
  2619 | D:3      | Noticed Natasha
  2625 | D:3      | Killed Natasha
  2704 | D:3      | Noticed Terence
  2721 | D:3      | Killed Terence
  2722 | D:3      | Reached XP level 5. HP: 42/52 MP: 6/9
  2781 | D:3      | Noticed Natasha
  2788 | D:3      | Your ally Terence died
  2800 | D:3      | Killed Natasha
  2990 | D:3      | Reached ** piety under Yredelemnul
  3080 | D:3      | Noticed Jessica
  3088 | D:3      | Reached XP level 6. HP: 53/59 MP: 6/10
  3101 | D:3      | Killed Jessica
  3211 | D:3      | Noticed Grinder
  3231 | D:3      | Your ally Natasha died
  3242 | D:3      | Killed Grinder
  3243 | D:3      | Reached XP level 7. HP: 22/66 MP: 3/11
  3249 | D:3      | Learned a level 4 spell: Ice Form
  3252 | D:3      | Learned a level 2 spell: Wereblood
  4039 | D:4      | You are sucked into a shaft and drop 2 floors!
  4057 | D:6      | Found a staircase to the Ecumenical Temple.
  4073 | D:5      | Entered Level 5 of the Dungeon
  4449 | D:4      | Reached skill level 5 in Invocations
  4774 | D:4      | Reached skill level 1 in Ice Magic
  5000 | D:5      | Reached XP level 8. HP: 38/78 MP: 9/12
  6053 | D:5      | Reached skill level 5 in Unarmed Combat
  6207 | D:5      | Reached skill level 5 in Fighting
  6581 | D:5      | Found a glowing golden altar of the Shining One.
  6766 | D:5      | Noticed a wyvern
  6781 | D:5      | Killed a wyvern
  6782 | D:5      | Reached XP level 9. HP: 21/88 MP: 5/13
  7103 | D:5      | Reached skill level 5 in Transmutations
  7359 | D:5      | Reached *** piety under Yredelemnul
  7676 | D:5      | Found a hazy altar of Hepliaklqana.
  8927 | D:6      | Slain by an orc warrior

Illustrated notes

Levels and vault maps discovered:
D:1:      dpeg_arrival_orchard, layout_loops_ring, ebering_ecumenical_altar_box
D:2:      layout_basic
D:3:      layout_rooms, gammafunk_ghost_nasty_kobolds, serial_park_tiny_pond,
          cheibrodos_gnoll_hut, uniq_grinder, uniq_jessica, uniq_terence,
          uniq_natasha
D:4:      layout_loops_corners, kennysheep_big_empty_room
D:5:      minmay_skewed_foursquare, layout_basic, lemuel_tele_altar,
          mainiacjoe_overflow_chevrons
D:6:      layout_cave_pods, minmay_temple_entry_glassed_door
D:7:      layout_gridville, makhleb_altar_promises_db,
          ebering_ghost_disaster_area, kennysheep_decorative_pillar,
          feat_on_display

Skill      XL: |  1  2  3  4  5  6  7  8  9 |
---------------+----------------------------+-----
Fighting       | 2 3 5 |  5.8
Unarmed Combat | 3 4 5 6 |  6.0
Transmutations | 2 3 4 5 |  5.2
Poison Magic   | 1 2 |  2.0
Invocations    | 1 2 4 5 6 |  6.4
Spellcasting   | 3 |  3.0
Dodging        | 2 3 |  3.8
Ice Magic      | 1 2 3 |  3.1

Action                   |  1- 3 |  4- 6 |  7- 9 || total
-------------------------+-------+-------+-------++-------
Melee: Unarmed           |   140 |    78 |   241 ||   459
       Kick              |    11 |     2 |       ||    13
       Headbutt          |    11 |     5 |       ||    16
Throw: Stone             |     2 |       |       ||     2
       Dart              |       |     9 |    28 ||    37
 Cast: Beastly Appendage |    26 |     5 |       ||    31
       Spider Form       |     1 |     5 |    35 ||    41
Invok: Animate Remains   |     3 |     7 |    12 ||    22
       Recall Undead Sla |       |       |     3 ||     3
       Animate Dead      |       |       |     2 ||     2
Evoke: Wand              |       |       |     1 ||     1
  Use: Scroll            |     4 |       |     9 ||    13
Armor: Robe              |    45 |     7 |    10 ||    62
       Skin              |       |     5 |    18 ||    23
Dodge: Dodged            |    75 |    59 |   231 ||   365

Table legend: (Time is in decaauts)
 A = Elapsed time spent in this place.
 B = Non-inter-level travel time spent in this place.
 C = Inter-level travel time spent in this place.
 D = Time resting spent in this place.
 E = Time spent auto-exploring this place.
 F = Levels seen in this place.
 G = Mean time per level.
                   A        B        C        D        E       F      G
               +--------+--------+--------+--------+--------+-----+--------+
         Total |   8905 |   8652 |    253 |    739 |   6711 |   7 | 1272.1 |
       Dungeon |   8905 |   8652 |    253 |    739 |   6711 |   7 | 1272.1 |
               +--------+--------+--------+--------+--------+-----+--------+

Top non-repeatable levels by time:
     D:5: 2692 daAuts
     D:1: 1392 daAuts
     D:4: 1368 daAuts
     D:3: 1360 daAuts
     D:6: 1031 daAuts
     D:2: 1026 daAuts
     D:7: 33 daAuts
